 Dungeon Crawl Stone Soup version 0.21-a0-229-g3587535 (webtiles) character file.

49 motkurip the Sneak (level 3, -2/19 HPs)
             Began as a Vine Stalker Assassin on Sept 1, 2017.
             Slain by a wight
             ... wielding a cursed +4 great sword
              (7 damage)
             ... on level 2 of the Dungeon.
             The game lasted 00:04:30 (2092 turns).

motkurip the Sneak (Vine Stalker Assassin)          Turns: 2092, Time: 00:04:31

Health: -2/19      AC:  4    Str: 14    XL:     3   Next: 75%
Magic:  0/4        EV: 11    Int: 11    God:
Gold:   118        SH:  0    Dex: 15    Spells: 2/2 levels left

rFire    . . .     SeeInvis .   a - +3 dagger
rCold    . . .     Gourm    .   (no shield)
rNeg     . . .     Faith    .   c - +0 robe
rPois    .         Spirit   +   (no helmet)
rElec    .         Reflect  .   d - +0 cloak
rCorr    .         Harm     .   (no gloves)
MR       +....                  j - +0 pair of boots
Stlth    +++.......             (no amulet)
HPRegen  0.06/turn              n - ring of protection from magic
MPRegen  0.09/turn              (no ring)

@: about to teleport, drained
A: fangs 2, magic shield, antimagic bite, no potion heal 3, rot immunity
a: no special abilities


You were on level 2 of the Dungeon.
You were hungry.

You visited 1 branch of the dungeon, and saw 3 of its levels.

You collected 118 gold pieces.

Inventory:

Hand Weapons
 a - a +3 dagger (weapon)
 b - a +0 blowgun
 i - a -2 short sword
Missiles
 e - 15 poisoned needles
 f - 2 curare-tipped needles
 r - 4 tomahawks (quivered)
Armour
 c - a +0 robe (worn)
 d - a +0 cloak (worn)
 j - a +0 pair of boots (worn)
Jewellery
 n - a ring of protection from magic (left hand)
Scrolls
 h - a scroll of noise {unknown}
Potions
 l - 2 potions of heal wounds {unknown}
 m - a potion of lignification {unknown}
Comestibles
 g - 3 bread rations
 k - a royal jelly
 o - a meat ration


   Skills:
 + Level 2.4(1.8) Fighting
 * Level 2.7(2.1) Short Blades
 + Level 1.9(1.3) Throwing
 + Level 1.1(0.5) Dodging
 - Level 5.0(4.3) Stealth


You had 2 spell levels left.
You didn't know any spells.

Dungeon Overview and Level Annotations

Branches:
Dungeon (3/15)

Altars:
Vehumet


Innate Abilities, Weirdness & Mutations

You have extremely sharp teeth.
When hurt, damage is shared between your health and your magic reserves.
Your bite disrupts and absorbs the magic of your enemies.
Potions cannot restore your health.
You are immune to rotting.


Message History

Unknown command.
The orc shouts!
The bat hits you but does no damage.
The teleport trap disappears.
The orc disappears!
There is a stone staircase leading up here.
The bat misses you. The bat hits you but does no damage. x2
The wight hits you with an enchanted great sword.
You feel drained.
You climb upwards.
There is a stone staircase leading down here.
You are feeling hungry.
You hit the wight but do no damage.
The wight hits you with an enchanted great sword!
You feel drained.
* * * LOW HITPOINT WARNING * * *
Okay, then.
As you read the scroll of teleportation, it crumbles to dust.
You feel strangely unstable.
The wight hits you with an enchanted great sword!
You die...

......................#
#.####.
......................#
#....#.
#.....................#
####.#.
#...###...............# #...
#...###...............# ####
........###.......##########
........#.........##.......#
........#.......z..........#
..(.....#....#..@..........#
........#....#........######
........#....#........#
........#....#........#
........#....#........#
#########....##########
######


You could see a wight.

Vanquished Creatures
  An adder (D:2)
  A worm (D:2)
  2 dart slugs (D:1)
  2 leopard geckos
  3 goblins (D:1)
  5 hobgoblins
  6 bats (D:1)
  A frilled lizard (D:1)
  6 kobolds
  3 rats
30 creatures vanquished.

Notes
Turn   | Place    | Note
-------+----------+-------------------------------------------
     0 | D:1      | motkurip the Vine Stalker Assassin began the quest for the Orb.
     0 | D:1      | Reached XP level 1. HP: 11/11 MP: 2/2
   715 | D:1      | Reached XP level 2. HP: 4/15 MP: 3/3
  1062 | D:1      | Reached skill level 5 in Stealth
  1223 | D:1      | Reached XP level 3. HP: 18/18 MP: 4/4
  1448 | D:2      | Reached skill level 1 in Dodging
  1525 | D:2      | Found a radiant altar of Vehumet.
  2092 | D:2      | Slain by a wight

Vault maps used:
D:1:      dpeg_arrival_round_c, interstate_on_off
D:2:      fiery_altar_vehumet
D:3:      marbit_many_paths, first_bread

Skill      XL: |  1  2  3 |
---------------+----------+-----
Short Blades   | 2 |  2.7
Fighting       | 2 |  2.4
Stealth        | 5 |  5.0
Dodging        | 1 |  1.1
Throwing       | |  1.9

Action                   || total
-------------------------++-------
Melee: Short sword       ||    86
       Dagger            ||    19
       Bite              ||    25
 Fire: Blowgun           ||     6
  Use: Scroll            ||     6
 Stab: Sleeping          ||     6
       Distracted        ||     1
  Eat: Chunk             ||     3
Armor: Robe              ||    43
Dodge: Dodged            ||    53

Table legend:
 A = Spawn XP
 B = Non-spawn XP
 C = Spawn XP percentage of total XP
 D = Spawn monster count
 E = Non-spawn monster count
 F = Spawn count percentage of total count
 G = Total turns spent on level
                    A         B        C        D         E        F      G
               +---------+---------+-------+---------+---------+-------+---------
         Total |      12 |      58 |  17.1 |       5 |      25 |  16.7 |  2092
               +---------+---------+-------+---------+---------+-------+---------
           D:1 |      12 |      31 |  27.9 |       5 |      18 |  21.7 |  1407
           D:2 |       0 |      27 |   0.0 |       0 |       7 |   0.0 |   681
               +---------+---------+-------+---------+---------+-------+---------
